cohdb
Replays
Latest Replays
All Replays
Popular Replays
Top Player Replays
Match Explorer
How It Works
Community
CoH3 Stats
Reddit
Sign in to upload your games and track your stats! →
Sign in with Steam
Match 44692221
Unlisted
Match 44692221
Overview
Messages
Build Orders
End
Kradschützen Motorcycle Team
Panzergrenadier Squad
Panzergrenadier Squad
Selects Panzerjäger Kommand Battlegroup
Selects Mine Fields
250 Light Carrier
Construct Light Support Kompanie
2.5-tonne Medical Truck
Panzerjäger Mechanized Group
Fire Support Elements
Selects Tank Busters
MG34 Team
Flakvierling Half-track
Selects Defensive Positions
Panzerjäger Mechanized Group
Selects Butterfly Bomb Drop
Assault Grenadier Squad
Construct Panzerarmee Kommand
Selects Crew Shock Tactics
Panzer III L Medium Tank
Assault Mechanized Group
Butterfly Bomb Drop
Reakly
Lazy Ren
0
0
Comments
sign in to comment!
No comments posted yet!